 Dungeon Crawl Stone Soup version 0.28.0-47-ge53b351184 (webtiles) character file.

Game seed: 10333242671844802763

127 101zpm the Magician (level 5, -2/35 HPs)
             Began as a Djinni Ice Elementalist on Apr 26, 2022.
             Splashed by a jelly's acid (8 damage)
             ... on level 4 of the Dungeon.
             The game lasted 00:06:52 (4502 turns).

101zpm the Magician (Djinni Ice Elementalist)       Turns: 4502, Time: 00:06:53

Health: -2/35      AC:  2    Str:  7    XL:     5   Next: 33%
Gold:   210        EV: 12    Int: 18    God:
                   SH:  0    Dex: 14

rFire   + + .      SeeInvis .   (no weapon)
rCold   x . .      Faith    .   (no shield)
rNeg    . . .      Spirit   .   a - +0 robe
rPois   ∞          Reflect  .   (no helmet)
rElec   .          Harm     .   (no cloak)
rCorr   .          Rampage  .   (no gloves)
Will    .....                   (boots unavailable)
Stlth   ++........              (no amulet)
HPRegen 0.11/turn               (no ring)
MPRegen 0.00/turn               (no ring)

@: flying
A: sickness immunity, fire resistance 2, cold vulnerability 1, float, innate
caster, HP casting, extra vitality 1
a: no special abilities


You were on level 4 of the Dungeon.
You visited 1 branch of the dungeon, and saw 4 of its levels.

You collected 210 gold pieces.

Inventory:

Missiles
 l - a throwing net
Armour
 a - a +0 robe (worn)
Jewellery
 b - a ring of see invisible
Scrolls
 c - a scroll of silence {unknown}
 d - a scroll of identify {unknown}
 e - a scroll of vulnerability {unknown}
 g - a scroll of noise {unknown}
 i - a scroll of blinking {unknown}
 k - 2 scrolls of enchant weapon {unknown}
Potions
 f - a potion of curing {unknown}
 h - a potion of might {unknown}
 j - a potion of haste {unknown}
 m - a potion of magic {unknown}
 n - a potion of attraction {unknown}


   Skills:
 + Level 2.3 Dodging
 + Level 1.9 Stealth
 + Level 4.7 Spellcasting


You couldn't memorise any spells.
You knew the following spells:

 Your Spells              Type           Power      Damage    Failure   Level
a - Freeze                Ice            84%        1d10      1%          1
b - Frozen Ramparts       Ice            42%        1d6       6%          3
c - Ozocubu's Armour      Ice            21%        N/A       6%          3
d - Hailstorm             Conj/Ice       21%        3d6       19%         4
e - Sandblast             Erth           42%        2d11      1%          1
f - Call Imp              Summ           21%        N/A       3%          2
Your spell library was empty.

Dungeon Overview and Level Annotations

Branches:
Dungeon (4/15)
 Temple: D:4-7

Altars:

Shops:
D:1 (


Innate Abilities, Weirdness & Mutations

You are immune to sickness and miasma.
You are immune to poison.
Your flesh is very heat resistant. (rF++)
You are vulnerable to cold. (rC-)
You float through the air rather than walking.
You learn spells naturally, not from books.
Your magical power is your life essence.
You have superior vitality. (+4 MHP)


Message History

2 endoplasms come into view.
Found 18 sling bullets.
A jelly comes into view.
The jelly quivers.
The endoplasm closely misses you.
The endoplasm quivers.
You freeze the endoplasm.
The endoplasm is heavily wounded.
The endoplasm barely misses you. The endoplasm freezes you.
You are frozen.
You feel a terrible chill!
You freeze the endoplasm.
The endoplasm is severely wounded.
The endoplasm freezes you.
You are frozen.
You feel a terrible chill! The endoplasm closely misses you.
You freeze the endoplasm!
You kill the endoplasm!
The endoplasm hits you but does no damage.
You freeze the endoplasm.
The endoplasm is lightly wounded.
The endoplasm hits you but does no damage.
You freeze the endoplasm.
You kill the endoplasm!
You freeze the jelly.
The jelly is lightly wounded.
The jelly closely misses you.
You freeze the jelly.
The jelly is heavily wounded.
The jelly hits you.
You are splashed with acid!
* * * LOW HITPOINT WARNING * * *
Aiming: Freeze (safe; 1% risk of failure)
Press: ? - help, Q - select action, (/) - cycle Shift-Dir - straight line, f/p - jelly
Aim: a jelly (heavily wounded)
You freeze the jelly.
The jelly is severely wounded.
* * * LOW HITPOINT WARNING * * *
The jelly hits you.
* * * LOW HITPOINT WARNING * * *
You are splashed with acid!
You die...

##...†.# ... #.....####
.....#
####..##.#######.....##
#....................
#....................
#......>...........
#......###...##...#
##########...##.(.####
.........@J........
...................
...................
)..................
...................
######.##.####.#### #.
#.# +# .. ...


You could see a jelly.

Vanquished Creatures
  An orc priest (D:3)
  2 adders
  An adder skeleton (D:3)
  2 worms (D:3)
  A dart slug (D:2)
  2 orcs (D:3)
  5 endoplasms
  2 giant cockroaches
  5 goblins
  3 quokkas
  8 ball pythons
  8 bats
  4 frilled lizards
  8 kobolds
  9 rats
61 creatures vanquished.

Vanquished Creatures (collateral kills)
  A worm (D:3)
  2 orcs (D:3)
  An endoplasm (D:3)
4 creatures vanquished.

Grand Total: 65 creatures vanquished

Notes
Turn   | Place    | Note
-------+----------+-------------------------------------------
     0 | D:1      | 101zpm the Djinni Ice Elementalist began the quest for the
                  | Orb.
     0 | D:1      | Reached XP level 1. HP: 15/15 MP: 0/0
   211 | D:1      | Found Rusemn's Antique Weapon Boutique.
   223 | D:1      | Reached XP level 2. HP: 8/21 MP: 0/0
   756 | D:1      | Found a faded altar of an unknown god.
   950 | D:2      | Reached XP level 3. HP: 20/25 MP: 0/0
   950 | D:2      | Learned a level 1 spell: Sandblast
  1763 | D:1      | Reached skill level 4 in Spellcasting
  2681 | D:3      | Reached XP level 4. HP: 17/31 MP: 0/0
  3396 | D:3      | Reached XP level 5. HP: 17/35 MP: 0/0
  3396 | D:3      | Learned a level 2 spell: Call Imp
  4502 | D:4      | Splashed by a jelly's acid

Illustrated notes

Levels and vault maps discovered:
D:1:      dpeg_arrival_court, layout_basic, serial_shops, shop_fountains,
          hellmonk_ecumenical_altar_heavens_door, minmay_hexomino_p4
D:2:      layout_basic, minmay_fountain_box
D:3:      layout_loops_ring, minmay_surrounded
D:4:      layout_gridville

Skill      XL: |  1  2  3 |
---------------+----------+-----
Spellcasting   | 4 |  4.7
Dodging        | |  2.3
Stealth        | |  1.9

Action                   |  1- 3 |  4- 6 || total
-------------------------+-------+-------++-------
Melee: Unarmed           |     1 |     1 ||     2
 Cast: Freeze            |    81 |    47 ||   128
       Call Imp          |       |     5 ||     5
Armor: Robe              |    16 |     3 ||    19
Dodge: Dodged            |    41 |    22 ||    63
